 Dungeon Crawl Stone Soup version 0.31-a0-662-g684573625c (webtiles) character file.

Game seed: 17260082847024660572

125 Mickster the Trooper (level 5, -1/57 HPs)
             Began as an Ogre Berserker on Sept 2, 2023.
             Was a Believer of Trog.
             Slain by a goblin
             ... wielding a +0 club
             ... led by Robin
              (4 damage)
             ... on level 2 of the Dungeon.
             The game lasted 00:12:02 (1460 turns).

Mickster the Trooper (Ogre Berserker)               Turns: 1460, Time: 00:12:03

Health: -1/57      AC:  3    Str: 23    XL:     5   Next: 9%
Magic:  5/5        EV: 10    Int:  8    God:    Trog [**....]
Gold:   73         SH:  0    Dex:  8    Spells: 4/4 levels left

rFire   . . .        g - +4 hand axe
rCold   . . .        (no shield)
rNeg    . . .        b - +0 animal skin
rPois   .            (helmet restricted)
rElec   .            (no cloak)
rCorr   .            (gloves unavailable)
SInv    .            (boots unavailable)
Will    ++...        (no amulet)
Stlth   +            (no ring)
HPRegen 1.29/turn    (no ring)
MPRegen 0.09/turn

%: no passive effects
@: strong-willed, on berserk cooldown, regenerating, slowed, very slow
A: large, unfitting armour, tough skin 1
a: Renounce Religion, Berserk, Trog's Hand


You were on level 2 of the Dungeon.
You worshipped Trog.
Trog was pleased with you.
You visited 1 branch of the dungeon, and saw 2 of its levels.

You collected 73 gold pieces.

Inventory:

Hand Weapons
 a - a +0 hand axe
 e - a +1 heavy morningstar
 g - a +4 hand axe (weapon)
Missiles
 m - 2 throwing nets (quivered)
Armour
 b - a +0 animal skin (worn)
 c - a scarf of harm
 n - a +0 scale mail
Scrolls
 f - a scroll of teleportation
 h - 2 scrolls of enchant weapon {unknown}
 j - a scroll of identify {unknown}
Potions
 d - a potion of degeneration {unknown}
 i - 2 potions of curing {unknown}
 k - a potion of brilliance {unknown}
 l - a potion of heal wounds {unknown}


   Skills:
 + Level 5.0 Fighting
 * Level 4.5 Axes
 + Level 3.4 Dodging
 + Level 0.1 Stealth


You had 4 spell levels left.
You didn't know any spells.
Your spell library was empty.

Dungeon Overview and Level Annotations

Branches:
Dungeon (2/15)

Altars:

Shops:
D:2 =[


Innate Abilities, Weirdness & Mutations

You are too large for most types of armour.
You have tough skin. (AC +1)


Message History

The goblins go into a battle-frenzy!
You barely miss Robin.
Robin is almost dead.
You slash the hobgoblin!
You kill the hobgoblin!
Trog accepts your kill. Robin barely misses you.
Robin throws the goblin at you!
The goblin unwields a +0 dagger.
The goblin wields a +0 sling.
The goblin shoots a sling bullet.
The sling bullet closely misses you. The goblin closely misses you.
You barely miss Robin.
Robin is almost dead.
You miss the goblin. Robin barely misses you.
The goblin hits you with a +0 club.
The goblin shoots a sling bullet.
The sling bullet misses you.
Robin's horned helmet rattles.
Robin hits you but does no damage.
You hit Robin.
You kill Robin!
Trog accepts your kill.
You closely miss the goblin.
The goblin no longer looks unusually strong.
The goblin hits you with a +0 club.
* * * LOW HITPOINT WARNING * * *
The goblin shoots a sling bullet.
The sling bullet closely misses you. The goblin hits you with a +0 club.
* * * LOW HITPOINT WARNING * * *
The goblin shoots a sling bullet.
The sling bullet closely misses you.
Your Fighting skill increases to level 5!
You have reached level 5!
Your skin crawls.
You feel strong-willed.
The hobgoblin no longer looks unusually strong.
The goblin hits you with a +0 club.
* * * LOW HITPOINT WARNING * * *
The goblin hits you with a +0 club.
* * * LOW HITPOINT WARNING * * *
You closely miss the goblin. You hit the goblin.
The goblin hits you with a +0 club.
You die...

#...... #.....# #......
...^$## ..... .g. ....
#g# #...# #######g###
.....
#.....#@g.####....#
#...).g.)........... #.
#.....................
#...............#....###
#...............##.#. .#
#........)......##..##..
#...............##....##
#.............<.##.##.##
#...............##....##


You could see 2 hobgoblins and 3 goblins.

Vanquished Creatures
  Terence (D:2)
  Robin (D:2)
  An adder (D:2)
  4 gnolls (D:2)
  A worm (D:2)
  4 bats (D:1)
  3 endoplasms
  A giant cockroach (D:2)
  5 goblins
  6 hobgoblins
  3 jackals (D:1)
  2 kobolds (D:1)
  A ball python (D:1)
  2 frilled lizards
  4 rats (D:1)
39 creatures vanquished.

Notes
Turn   | Place    | Note
-------+----------+-------------------------------------------
     0 | D:1      | Mickster the Ogre Berserker began the quest for the Orb.
     0 | D:1      | Reached XP level 1. HP: 24/24 MP: 1/1
   137 | D:1      | Found a faded altar of an unknown god.
   182 | D:1      | Reached XP level 2. HP: 29/32 MP: 2/2
   730 | D:1      | Reached ** piety under Trog
   990 | D:2      | Reached XP level 3. HP: 32/40 MP: 3/3
  1168 | D:2      | Reached XP level 4. HP: 49/49 MP: 4/4
  1217 | D:2      | Found Seanuum's Antique Armour Shop.
  1355 | D:2      | Found Xewkyceleu's Jewellery Emporium.
  1382 | D:2      | Noticed Terence
  1389 | D:2      | Killed Terence
  1425 | D:2      | Identified the +7 dagger "Impbane" {heavy, Contam rF+
                  | rCorr}
  1439 | D:2      | Noticed Robin
  1458 | D:2      | Killed Robin
  1459 | D:2      | Reached skill level 5 in Fighting
  1459 | D:2      | Reached XP level 5. HP: 8/57 MP: 5/5
  1459 | D:2      | HP: 1/57 [goblin/+0 club[Robin] (3)]
  1460 | D:2      | Slain by a goblin

Illustrated notes

Levels and vault maps discovered:
D:1:      zaba_arrival_water, layout_loops_corners,
          ebering_ecumenical_altar_abandoned
D:2:      layout_rooms, serial_shops, shop, nicolae_shop_back_alley_shop,
          chequers_serial_rivers_large_a, uniq_terence, uniq_robin

Skill      XL: |  1  2  3  4 |
---------------+-------------+-----
Dodging        | 3 |  3.4
Axes           | 4 |  4.5
Fighting       | 5 |  5.0
Stealth        | |  0.1

Action                     |  1- 3 |  4- 6 || total
---------------------------+-------+-------++-------
  Melee: Hand axe          |    68 |    38 ||   106
 Invoke: Berserk           |     1 |     2 ||     3
         Trog's Hand       |       |     1 ||     1
    Use: Scroll            |       |     3 ||     3
 Armour: Animal skin       |    83 |    40 ||   123
  Dodge: Dodged            |    78 |    36 ||   114

Table legend: (Time is in decaauts)
 A = Elapsed time spent in this place.
 B = Non-inter-level travel time spent in this place.
 C = Inter-level travel time spent in this place.
 D = Time resting spent in this place.
 E = Time spent auto-exploring this place.
 F = Levels seen in this place.
 G = Mean time per level.
                   A        B        C        D        E       F      G
               +--------+--------+--------+--------+--------+-----+--------+
         Total |   1501 |   1485 |     16 |    158 |    867 |   2 |  750.5 |
       Dungeon |   1501 |   1485 |     16 |    158 |    867 |   2 |  750.5 |
               +--------+--------+--------+--------+--------+-----+--------+

Top non-repeatable levels by time:
     D:1: 979 daAuts
     D:2: 522 daAuts
